 Dungeon Crawl Stone Soup version 0.30-a0-862-g1aabd4f9c5 (webtiles) character file.

Game seed: 17683589002048320930

1894 cforsyth the Thaumaturge (level 8, -1/41 HPs)
             Began as a Deep Elf Earth Elementalist on Mar 8, 2023.
             Was an Initiate of Vehumet.
             Slain by a wyvern (13 damage)
             ... on level 8 of the Dungeon.
             The game lasted 00:08:42 (6177 turns).

cforsyth the Thaumaturge (DEEE)                     Turns: 6177, Time: 00:08:43

Health: -1/41      AC:  3    Str:  5    XL:     8   Next: 93%
Magic:  23/25      EV: 12    Int: 23    God:    Vehumet [......]
Gold:   366        SH:  0    Dex: 15    Spells: 28/29 levels left

rFire   + . .      SeeInvis .    (no weapon)
rCold   + . .      Faith    .    (no shield)
rNeg    . . .      Spirit   .    a - +1 robe
rPois   .          Reflect  .    (no helmet)
rElec   .          Rampage  .    q - scarf {rC+ rF+}
rCorr   .                        (no gloves)
Will    .....                    (no boots)
Stlth   ++                       (no amulet)
HPRegen 0.26/turn                (no ring)
MPRegen 0.19/turn                (no ring)

@: no status effects
A: no striking features
a: Renounce Religion


You were on level 8 of the Dungeon.
You worshipped Vehumet.
Vehumet was noncommittal.
You visited 1 branch of the dungeon, and saw 8 of its levels.

You collected 366 gold pieces.

Inventory:

Armour
 a - a +1 robe (worn)
 q - a scarf of resistance (worn)
Jewellery
 p - a +4 ring of slaying
Wands
 j - a wand of polymorph (5)
 w - a wand of roots (10)
 x - a wand of light (9)
Scrolls
 e - 3 scrolls of teleportation
 g - a scroll of enchant armour
 k - 2 scrolls of fear
 n - a scroll of amnesia
 v - a scroll of immolation
Potions
 b - 3 potions of magic
 d - a potion of might
 h - a potion of mutation
 i - a potion of haste
 l - a potion of curing
 m - a potion of resistance
 o - 2 potions of brilliance
 t - 2 potions of heal wounds


   Skills:
 - Level 2.4 Dodging
 - Level 2.4 Stealth
 + Level 11.1 Spellcasting
 - Level 1.1 Transmutations
 + Level 9.6 Earth Magic


You had 28 spell levels left.
You knew the following spells:

 Your Spells              Type           Power      Damage    Failure   Level
a - Sandblast             Erth           100%       2d20      1%          1

Your spell library contained the following spells:

 Spells                   Type           Power      Damage    Failure   Level
 Passwall                 Tmut/Erth      30%        N/A       1%          2
 Stone Arrow              Conj/Erth      68%        3d11      1%          3
 Magic Dart               Conj           48%        1d5       4%          1
 Slow                     Hex            48%        N/A       4%          1
 Petrify                  Tmut/Erth      37%        N/A       5%          4
 Call Imp                 Summ           12%        N/A       8%          2
 Confusing Touch          Hex            12%        N/A       16%         3
 Mephitic Cloud           Conj/Pois/Air  12%        N/A       16%         3
 Vampiric Draining        Necr           12%        2d6       16%         3


Dungeon Overview and Level Annotations

Branches:
Dungeon (8/15)             Temple (0/1) D:7
   Lair: D:8-11

Altars:
Uskayaw
Vehumet

Annotations:
D:2 1 runed translucent door, Crazy Yiuf
D:7 3 runed translucent doors, DiggyJ's ghost, novice DECj


Message History

As you read the scroll labelled MIARUE BOUR, it crumbles to dust.
It is a scroll of enchant armour.
Your +0 robe glows green for a moment.
The air fills with toxic fumes!
As you read the scroll labelled NAASSU GUUMM, it crumbles to dust.
It was a scroll of poison.
You start waiting.
You hear the slow hiss of a distant avalanche of sand.
Found 3 boomerangs.
A white imp comes into view.
You can't see any susceptible monsters within range! (Use Z to cast anyway.)
The white imp shouts!
The blast of sand hits the white imp!
The white imp is severely wounded.
The blast of sand hits the white imp!
You kill the white imp!
Vehumet accepts your kill.
Magic restored.
Found a stone staircase leading up.
There is a stone staircase leading up here.
Found a runed morningstar.
Found a stone staircase leading up.
Found 12 gold pieces.
A wyvern and a shadow imp come into view.
The wyvern hisses angrily.
A bullfrog comes into view.
The bullfrog moves out of view.
You hear the slow hiss of an avalanche of sand nearby.
The blast of sand hits the wyvern!
The wyvern is moderately wounded.
The shadow imp shouts, "Scamper away, thou dankish half-faced tiler!"
The blast of sand hits the wyvern!
The wyvern is almost dead.
The wyvern bites you!! The wyvern barely misses you.
The blast of sand misses the wyvern.
The wyvern bites you. The shadow imp gestures at you.
Pain shoots through your body!
* * * LOW HITPOINT WARNING * * *
The wyvern bites you!
You die...

##.....###
####<#(......#
#....#.....#.#
#....#.#...#.#
#....#...#.#.# .
#....#.....#.# ...
#....#.###.#.#
.....###....#.# #.#.#
......l@###.#.#...#.#
#.......)...#<....#
...$..........###...#
##............# ##
#...5........#
#....##.#.####
............
##....##....# ....


You could see a wyvern and a shadow imp.

Vanquished Creatures
  Menkaure (D:6)
  A water moccasin (D:7)
  2 ice beasts
  4 ogres
  A centaur (D:7)
  2 bullfrogs (D:7)
  3 scorpions
  5 wights
  An electric eel (D:7)
  4 hounds
  A jelly (D:5)
  A sleepcap (D:7)
  An iguana (D:4)
  Terence (D:2)
  5 adders
  9 gnolls
  A white imp (D:8)
  2 ufetubi
  3 worms
  4 dart slugs
  5 orcs
  4 ball pythons
  8 bats
  7 endoplasms
  A giant cockroach (D:1)
  7 goblins
  7 hobgoblins
  11 kobolds
  5 quokkas
  2 frilled lizards
  7 rats
116 creatures vanquished.

Notes
Turn   | Place    | Note
-------+----------+-------------------------------------------
     0 | D:1      | cforsyth the Deep Elf Earth Elementalist began the quest
                  | for the Orb.
     0 | D:1      | Reached XP level 1. HP: 10/10 MP: 6/6
    74 | D:1      | Reached XP level 2. HP: 15/15 MP: 2/8
   378 | D:1      | Reached skill level 4 in Spellcasting
   378 | D:1      | Reached XP level 3. HP: 19/19 MP: 7/10
  1108 | D:2      | Reached XP level 4. HP: 24/24 MP: 7/12
  1239 | D:2      | Noticed Terence
  1249 | D:2      | Killed Terence
  1250 | D:2      | Reached skill level 5 in Spellcasting
  1643 | D:2      | Reached skill level 5 in Earth Magic
  1763 | D:2      | Reached XP level 5. HP: 28/28 MP: 12/14
  1885 | D:2      | Found a runed translucent door.
  1886 | D:2      | Noticed Crazy Yiuf
  2596 | D:4      | Reached skill level 6 in Spellcasting
  2676 | D:4      | Reached XP level 6. HP: 18/32 MP: 9/17
  3217 | D:5      | Entered Level 5 of the Dungeon
  3470 | D:5      | Noticed an ice beast
  3480 | D:5      | Killed an ice beast
  3481 | D:5      | Reached skill level 7 in Spellcasting
  3633 | D:5      | Reached XP level 7. HP: 11/36 MP: 16/20
  4168 | D:6      | Reached skill level 8 in Spellcasting
  4528 | D:6      | Noticed Menkaure
  4529 | D:6      | Killed Menkaure
  4530 | D:6      | Reached skill level 9 in Spellcasting
  4530 | D:6      | Reached XP level 8. HP: 41/41 MP: 21/23
  4693 | D:6      | Found a hide-covered altar of Uskayaw.
  4693 | D:6      | Found a radiant altar of Vehumet.
  4701 | D:6      | Became a worshipper of Vehumet
  5084 | D:7      | Reached skill level 10 in Spellcasting
  5116 | D:7      | HP: 2/41 [poisoned by a water moccasin]
  5620 | D:7      | Found a runed translucent gate.
  5621 | D:7      | Found a runed translucent gate.
  5622 | D:7      | Found a runed translucent gate.
  5623 | D:7      | Identified the +1 plate armour of Valiance {Harm rN+ Str-2
                  | Int+3}
  5624 | D:7      | Noticed DiggyJ's ghost (novice DECj)
  5683 | D:7      | Reached skill level 11 in Spellcasting
  5779 | D:7      | Found a staircase to the Ecumenical Temple.
  6177 | D:8      | Slain by a wyvern

Illustrated notes

Levels and vault maps discovered:
D:1:      nagdon_arrival_zigzag_paths, layout_basic, serial_co_window_serial,
          co_window_paths_a, co_window_paths_b, co_window_corner_a,
          co_window_corner_a, co_window_corner_a, co_window_corner_ca,
          co_window_corner_b, co_window_of_opportunity_c, glass_columns_a,
          glass_columns_b, glass_columns_b, glass_columns_a, glass_columns_a
D:2:      layout_loops_ring, minmay_fountain_box, minmay_strange_pillars,
          nicolae_elevator_lobby_asterisk, uniq_crazy_yiuf_cottage, uniq_terence
D:3:      layout_basic
D:4:      layout_gridville
D:5:      layout_basic, chequers_mini_garden, grunt_decor_arrowhead
D:6:      layout_loops_ring, gammafunk_temple_overflow_statue, uniq_menkaure
D:7:      layout_rooms, minmay_temple_entry_fiery, biasface_ghost_orc_armoury,
          kennysheep_generic_room_4
D:8:      layout_basic, gammafunk_temple_overflow_wave,
          ebering_ghost_disaster_area, chequers_ossuary_entry_cave, hex_tiny

Skill      XL: |  1  2  3  4  5  6  7  8 |
---------------+-------------------------+-----
Spellcasting   | 4 5 6 7 9 11 | 11.1
Earth Magic    | 4 5 6 8 9 |  9.6
Dodging        | |  2.4
Stealth        | |  2.4
Transmutations | |  1.1

Action                     |  1- 3 |  4- 6 |  7- 9 || total
---------------------------+-------+-------+-------++-------
  Melee: Unarmed           |       |     1 |       ||     1
   Cast: Sandblast         |    37 |    98 |    58 ||   193
    Use: Scroll            |       |       |    14 ||    14
         Potion            |       |       |     2 ||     2
 Armour: Skin              |       |     2 |       ||     2
         Robe              |       |     6 |     3 ||     9
  Dodge: Dodged            |     1 |    14 |    14 ||    29

Table legend: (Time is in decaauts)
 A = Elapsed time spent in this place.
 B = Non-inter-level travel time spent in this place.
 C = Inter-level travel time spent in this place.
 D = Time resting spent in this place.
 E = Time spent auto-exploring this place.
 F = Levels seen in this place.
 G = Mean time per level.
                   A        B        C        D        E       F      G
               +--------+--------+--------+--------+--------+-----+--------+
         Total |   6272 |   6032 |    240 |    726 |   4508 |   8 |  784.0 |
       Dungeon |   6272 |   6032 |    240 |    726 |   4508 |   8 |  784.0 |
               +--------+--------+--------+--------+--------+-----+--------+

Top non-repeatable levels by time:
     D:2: 1244 daAuts
     D:7: 1045 daAuts
     D:1: 969 daAuts
     D:6: 947 daAuts
     D:5: 928 daAuts
     D:4: 656 daAuts
     D:3: 406 daAuts
     D:8: 74 daAuts
